 Dungeon Crawl Stone Soup version 0.19.0 (webtiles) character file.

38 CanadianGator the Cutter (level 3, -9/23 HPs)
             Began as a Kobold Berserker on Nov 23, 2016.
             Was a Believer of Trog.
             Killed by divine providence
             ... invoked by an orc priest
              (11 damage)
             ... on level 3 of the Dungeon.
             The game lasted 00:04:06 (1445 turns).

CanadianGator the Cutter (Kobold Berserker)         Turns: 1445, Time: 00:04:06

Health: -9/23      AC:  3    Str: 14 (15) XL:     3   Next: 65%
Magic:  3/3        EV: 15    Int:  8      God:    Trog [**....]
Gold:   96         SH:  0    Dex: 14      Spells: 0 memorised, 2 levels left

rFire  . . .     SeeInvis .     a - +0 short sword
rCold  . . .     Gourm    .     b - +0 animal skin
rNeg   . . .     Faith    .     (shield restricted)
rPois  +         Spirit   .     (no helmet)
rElec  .         Reflect  .     (no cloak)
rCorr  .         Harm     .     j - +0 pair of gloves
MR     .....     Rnd*Rage +     (no boots)
Stlth  +.........               h - amulet of rage
                                (no ring)
                                (no ring)

@: confused, exhausted, slowed, very slow
A: berserk 1, carnivore 3, deterioration 1, poison resistance
a: Berserk, Trog's Hand, Burn Spellbooks, Renounce Religion, Evoke Berserk Rage


You were on level 3 of the Dungeon.
You worshipped Trog.
Trog was pleased with you.
You were not hungry.

You visited 1 branch of the dungeon, and saw 3 of its levels.

You collected 96 gold pieces.

Inventory:

Hand Weapons
 a - a +0 short sword (weapon)
Armour
 b - a +0 animal skin (worn)
 j - a +0 pair of gloves (worn)
Jewellery
 h - an amulet of rage (around neck)
 l - an uncursed amulet of magic regeneration {unknown}
Wands
 m - a wand of disintegration (8/24)
Scrolls
 d - a scroll of blinking {unknown}
 e - 3 scrolls of remove curse {unknown}
 f - 3 scrolls of amnesia {unknown}
 g - 2 scrolls of magic mapping
 i - 3 scrolls of identify
Comestibles
 c - a meat ration
 k - a beef jerky


   Skills:
 + Level 3.6 Fighting
 * Level 4.7 Short Blades
 + Level 1.7 Armour
 + Level 2.8 Dodging
 + Level 1.5 Stealth


You had 2 spell levels left.
You didn't know any spells.

Dungeon Overview and Level Annotations

Branches:
Dungeon (3/15)

Altars:
Elyvilon


Innate Abilities, Weirdness & Mutations

You are small and have problems with some larger weapons.
You are carnivorous and can eat meat at any time.
You tend to lose your temper in combat.
Your body sometimes deteriorates upon taking damage.
Your system is resistant to poisons. (rPois)


Message History

You are exhausted.
You feel yourself slow down.
The orc priest calls upon Beogh to heal the orc wizard.
The orc wizard's wounds heal themselves!
The orc wizard points at you and mumbles some strange words.
You are confused.
You bump into the rock wall.
The orc wizard casts a spell at you. You resist with significant effort.
You miss the orc. The orc closely misses you.
The orc priest looks encouraged for a moment.
The orc wizard casts a spell.
The orc wizard flickers and vanishes!
Deactivating autopickup; reactivate with Ctrl-A.
You bump into the rock wall.
The orc completely misses you. The orc closely misses you.
You hit the orc but do no damage.
The orc priest calls down the wrath of Beogh upon you.
Beogh smites you!
You die...

############# #............
#.##.######.. #.#<#.......#
###..###.####.. ##.#.##
##.## ############...##
##.# #......r{o@.....##
##.##
#.#....og###.....###.####..
#.####.# ##.#...#........ #
#.# ###..#...####.. #.#
#..#...# #.# #......... ...
....#....... #.#
###.#.#.####. .......


You could see an orc priest, an orc, a goblin and a rat.

Vanquished Creatures
  An ooze (D:2)
  A leopard gecko (D:1)
  2 bats
  2 goblins
  7 hobgoblins
  5 jackals (D:2)
  5 kobolds
  A ball python (D:1)
  2 frilled lizards
  4 rats (D:2)
30 creatures vanquished.

Notes
Turn   | Place    | Note
-------+----------+-------------------------------------------
     0 | D:1      | CanadianGator the Kobold Berserker began the quest for the Orb.
     0 | D:1      | Reached XP level 1. HP: 14/14 MP: 1/1
    34 | D:1      | Reached XP level 2. HP: 14/19 MP: 2/2
   892 | D:2      | Reached XP level 3. HP: 23/23 MP: 3/3
   897 | D:2      | Reached skill level 1 in Stealth
   993 | D:2      | Found a white marble altar of Elyvilon.
  1207 | D:2      | Gained mutation: Your body sometimes deteriorates upon taking damage. [potion of mutation]
  1207 | D:2      | Gained mutation: You tend to lose your temper in combat. [potion of mutation]
  1207 | D:2      | Gained mutation: Your system is resistant to poisons. (rPois) [potion of mutation]
  1267 | D:2      | Reached ** piety under Trog
  1437 | D:3      | HP: 1/23 [orc priest/divine providence (17)]
  1445 | D:3      | Killed from afar by an orc priest

Skill      XL: |  1  2  3 |
---------------+----------+-----
Stealth        | 1 |  1.5
Fighting       | |  3.6
Short Blades   | |  4.7
Armour         | |  1.7
Dodging        | |  2.8

Action                   || total
-------------------------++-------
Melee: Short sword       ||   102
Invok: Berserk           ||     2
  Use: Scroll            ||     2
       Potion            ||     1
 Stab: Distracted        ||     1
  Eat: Chunk             ||     6
Armor: Animal skin       ||    12
Dodge: Dodged            ||    79
